 Dungeon Crawl Stone Soup version 0.31.0-11-ge490571c62 (webtiles) character file.

Game seed: 13490883330300509500

19140 sanka the Grappler (level 12, -3/126 HPs)
             Began as a Troll Monk on Feb 1, 2024.
             Was a High Priest of the Shining One.
             Slain by Rupert
             ... wielding a +5 battleaxe of flaming
              (27 damage)
             ... on level 12 of the Dungeon.
             The game lasted 00:22:10 (10218 turns).

sanka the Grappler (Troll Monk)                    Turns: 10218, Time: 00:22:10

Health: -3/126     AC: 10    Str: 22    XL:     12   Next: 33%
Magic:  0/14       EV: 10    Int:  6    God:    the Shining One [*****.]
Gold:   824        SH: 10    Dex: 16    Spells: 11/11 levels left

rFire   + .          .
                       - Unarmed
rCold   . . .        L - +0 kite shield
rNeg    + + .        H - +0 swamp dragon scales
rPois   +            (helmet restricted)
rElec   .            d - +0 cloak
rCorr   .            (gloves unavailable)
SInv    +            (boots unavailable)
Will    .....        m - amulet of guardian spirit
Stlth   +            G - ring of protection from fire
HPRegen 1.21/turn    i - ring of see invisible
MPRegen 0.14/turn

%: guardian spirit
@: glowing
A: large, unfitting armour, claws 3, regeneration 1, shaggy fur 1, tough skin 1
a: Renounce Religion, Divine Shield, Cleansing Flame, Summon Divine Warrior


You were on level 12 of the Dungeon.
You worshipped the Shining One.
The Shining One was extremely pleased with you.
You visited 2 branches of the dungeon, and saw 13 of its levels.
You also visited: Ossuary.

You collected 824 gold pieces.


Innate Abilities, Weirdness & Mutations

You are too large for most types of armour.
You have claws for hands.
Your natural rate of healing is unusually fast.
You are covered in fur. (AC +1)
You have tough skin. (AC +1)


   Skills:
 - Level 9.9 Fighting
 - Level 6.0 Dodging
 + Level 5.9 Shields
 - Level 13.9 Unarmed Combat
 - Level 4.5 Invocations


You had 11 spell levels left.
You didn't know any spells.
Your spell library contained the following spells:

 Spells                   Type           Power      Damage    Failure   Level
 Apportation              Tloc           0%         N/A       86%         1
 Foxfire                  Conj/Fire      0%         2x1d4     86%         1
 Kiss of Death            Conj/Necr      0%         2d5       86%         1
 Blink                    Tloc           0%         N/A       95%         2
 Jinxbite                 Hex            0%         N/A       95%         2
 Lesser Beckoning         Tloc           0%         N/A       95%         2
 Momentum Strike          Conj/Tloc      0%         3d8       95%         2
 Confusing Touch          Hex            0%         N/A       99%         3
 Frozen Ramparts          Ice            0%         1d1       99%         3
 Fugue of the Fallen      Necr           0%         N/A       99%         3
 Hailstorm                Conj/Ice       0%         3d5       99%         3
 Ozocubu's Armour         Ice            0%         N/A       99%         3
 Summon Ice Beast         Ice/Summ       0%         N/A       99%         3
 Tukima's Dance           Hex            0%         N/A       99%         3
 Animate Armour           Summ/Erth      0%         N/A       100%        4
 Dimensional Bullseye     Hex/Tloc       0%         N/A       100%        4
 Dispel Undead            Necr           0%         3d6       100%        4
 Iskenderun's Mystic Bla  Conj/Tloc      0%         2d3       100%        4
 Leda's Liquefaction      Alch/Erth      0%         N/A       100%        4
 Manifold Assault         Tloc           0%         N/A       100%        4
 Passage of Golubria      Tloc           0%         N/A       100%        4
 Petrify                  Alch/Erth      0%         N/A       100%        4
 Summon Lightning Spire   Summ/Air       0%         N/A       100%        4
 Alistair's Intoxication  Alch           0%         N/A       100%        5
 Lee's Rapid Deconstruct  Erth           0%         3d4*      100%        5
 Metabolic Englaciation   Hex/Ice        0%         N/A       100%        5
 Silence                  Hex/Air        0%         N/A       100%        5
 Summon Mana Viper        Hex/Summ       0%         N/A       100%        5
 Yara's Violent Unravell  Hex/Alch       0%         3d3       100%        5
 Plasma Beam              Fire/Air       0%         2x1d10    100%        6
 Sculpt Simulacrum        Ice/Alch       0%         N/A       100%        6
 Starburst                Conj/Fire      0%         6d3       100%        6
 Enfeeble                 Hex            0%         N/A       100%        7
 Monstrous Menagerie      Summ           0%         N/A       100%        7
 Lehudib's Crystal Spear  Conj/Erth      0%         10d2      100%        8

Inventory:

Hand Weapons
 b - the +8 longbow "Qyafewk" {heavy, Fly rElec rC+} rC+: It protects you from cold. rElec: It insulates you from electricity. Fly: It grants you flight.
 w - a +8 scimitar of flaming
Missiles
 h - 12 curare-tipped darts {=f}
 P - 10 large rocks {=f}
Armour
 d - a +0 cloak (worn)
 E - +0 steam dragon scales
 H - +0 swamp dragon scales (worn)
 L - a +0 kite shield (worn)
Magical Staves
 N - a staff of air
Jewellery
 i - a ring of see invisible (right claw)
 m - an amulet of guardian spirit (around neck)
 G - a ring of protection from fire (left claw)
 I - a +6 ring of strength
Wands
 c - a wand of quicksilver (7)
 y - a wand of iceblast (11)
 A - a wand of paralysis (11)
 C - a wand of flame (46)
 M - a wand of polymorph (1)
Scrolls
 f - a scroll of torment {unknown}
 g - 5 scrolls of poison
 j - 4 scrolls of teleportation {@r4}
 k - a scroll of fog
 l - a scroll of silence {!r}
 p - a scroll of immolation {unknown}
 s - 2 scrolls of blinking
 t - 6 scrolls of noise {!r}
 u - 3 scrolls of vulnerability {!r}
 v - a scroll of revelation
 x - a scroll of enchant armour {unknown}
 J - a scroll of fear
Potions
 a - 2 potions of ambrosia
 e - a potion of berserk rage {unknown}
 n - a potion of magic {unknown}
 o - 2 potions of lignification {unknown}
 q - 2 potions of enlightenment {unknown}
 r - 3 potions of might {unknown}
 z - 4 potions of curing {@q1}
 B - 3 potions of heal wounds {unknown}
 D - a potion of attraction {unknown}
 F - 2 potions of haste {unknown}
 K - a potion of resistance {unknown}
 O - a potion of cancellation {unknown}

Dungeon Overview and Level Annotations

Branches:
Dungeon (12/15)            Temple (1/1) D:4            Lair (0/5) D:8
Ossuary (visited)
    Orc: D:9-12

Altars:
Ashenzari
Cheibriados
Dithmenos
Elyvilon
Fedhas
Gozag
Hepliaklqana
Kikubaaqudgha
Makhleb
Nemelex Xobeh
Okawaru
Qazlal
Ru
Sif Muna
Trog
Uskayaw
Vehumet
Wu Jian
Xom
Yredelemnul
Zin
The Shining One

Shops:
D:5 (

Annotations:
D:7 2 transporters, dakkaduck's ghost, novice HOBe
D:12 Rupert

▒▒▒▒▒.▒.▒ ▒▒.▒▒
▒.....▒.▒▒....▒
▒......o......▒▒
......▒.▒...▒...▒
▒▒▒....▒▒..▒▒ ..▒
▒▒▒▒o▒▒...▒▒.▒
▒.▒▒..oo....▒
▒▒▒...o▒▒▒....▒
▒.....o@To....▒
........o.....▒▒
................▒
.............▒...
▒▒▒..........▒▒...
▒...........▒ ▒(.
...........▒▒
.....▒▒...▒▒


You could see Rupert (berserk), an orc priest and 3 orcs.


Message History

Your angel hits Rupert with a +1 whip of holy wrath!
Your angel hits Rupert with a +1 whip of holy wrath.
Rupert hits your angel with a +5 battleaxe of flaming!!
Rupert burns your angel! You block Rupert's attack. You block the orc's attack.
Your angel hits Rupert with a +1 whip of holy wrath!!
Your angel hits Rupert with a +1 whip of holy wrath.
Rupert hits your angel with a +5 battleaxe of flaming!!!
Rupert burns your angel.
Your angel dies!
Rupert hits you with a +5 battleaxe of flaming!
* * * LOW HITPOINT WARNING * * *
Rupert burns you.
* * * LOW HITPOINT WARNING * * *
Unknown command.
You scratch Rupert.
Rupert is almost dead.
Rupert hits you with a +5 battleaxe of flaming!!
* * * LOW HITPOINT WARNING * * *
Rupert burns you.
* * * LOW HITPOINT WARNING * * *
The orc hits you but does no damage. The orc barely misses you.
Unknown command.
You claw Rupert!
Rupert is almost dead.
Rupert hits you with a +5 battleaxe of flaming!!
You die...
Rupert roars with triumph.

Action                     |  1- 3 |  4- 6 |  7- 9 | 10-12 || total
---------------------------+-------+-------+-------+-------++-------
  Melee: Unarmed           |    58 |   124 |   317 |   399 ||   898
         Punch             |       |       |     6 |    17 ||    23
 Invoke: Divine Shield     |       |       |       |     3 ||     3
         Summon Divine War |       |       |       |     1 ||     1
    Use: Scroll            |       |       |       |    14 ||    14
         Potion            |       |       |       |     1 ||     1
   Stab: Sleeping          |       |     1 |       |       ||     1
 Armour: Robe              |    34 |    66 |   227 |       ||   327
         Steam dragon scal |       |       |     4 |    68 ||    72
         Swamp dragon scal |       |       |       |   238 ||   238
  Dodge: Dodged            |    18 |    44 |   154 |   173 ||   389
  Block: Other             |       |       |       |     2 ||     2
         Kite shield       |       |       |       |   108 ||   108

Levels and vault maps discovered:
D:1:      tarquinn_simple_flora_water_f, layout_rooms, minmay_liquid_box
D:2:      layout_loops_ring, basic_altar
D:3:      layout_loops_ring, amcnicky_altar_gilded, kennysheep_another_room,
          dreamdust_wishing_well, uniq_natasha
D:4:      layout_basic, mainiacjoe_overflow_surrounded_room,
          minmay_temple_entry_sparse_star
D:5:      layout_basic, enter_ossuary_2, serial_shops,
          nicolae_shop_bloodbath_and_beyond, uniq_pikel, uniq_prince_ribbit1
D:6:      layout_rooms, nicolae_yredelemnul_corpse_copse, vehumet_crystals,
          mainiacjoe_overflow_catwalk, minmay_misc_feat_tower, uniq_menkaure
D:7:      layout_rooms, gammafunk_ghost_wrathful_warriors, grunt_decor_junction,
          uniq_duvessa
D:8:      layout_loops_cross, dpeg_lair_monsters, uniq_maggie, uniq_erica
D:9:      layout_loops_corners, nicolae_ru_awakened_eye, kennysheep_slug_shrine
D:10:     layout_cave_pods
D:11:     layout_irregular_city, minmay_the_grid_2x2 [minmay_the_grid_x,
          minmay_the_grid_diamond_grid, minmay_the_grid_large_cup,
          minmay_the_grid_prize_inner_circle]
D:12:     layout_cave_pools, hiddenorc1_lemuel, uniq_snorg, uniq_rupert
Temple:   regret_index_temple_waves

Notes
Turn   | Place    | Note
-------+----------+-------------------------------------------
     0 | D:1      | sanka the Troll Monk began the quest for the Orb.
     0 | D:1      | Reached XP level 1. HP: 22/22 MP: 0/0
   154 | D:1      | Reached XP level 2. HP: 24/29 MP: 1/1
   237 | D:1      | Reached skill level 3 in Fighting
   294 | D:1      | Reached XP level 3. HP: 37/37 MP: 2/2
   494 | D:2      | Reached skill level 4 in Unarmed Combat
   547 | D:2      | Reached XP level 4. HP: 43/45 MP: 3/3
   695 | D:2      | Found a shadowy altar of Dithmenos.
  1144 | D:3      | Reached skill level 5 in Unarmed Combat
  1157 | D:3      | Reached XP level 5. HP: 46/53 MP: 4/4
  1278 | D:3      | Found an ornate altar of the Wu Jian Council.
  1458 | D:3      | Noticed Natasha
  1461 | D:3      | Killed Natasha
  1566 | D:3      | Noticed Natasha
  1570 | D:3      | Killed Natasha
  1571 | D:3      | Reached skill level 6 in Unarmed Combat
  1645 | D:3      | Noticed Natasha
  1650 | D:3      | Killed Natasha
  1823 | D:4      | Reached XP level 6. HP: 57/61 MP: 5/5
  1840 | D:4      | Found a staircase to the Ecumenical Temple.
  1849 | Temple   | Entered the Ecumenical Temple
  1907 | Temple   | Became a worshipper of the Shining One
  1907 | Temple   | Reached * piety under the Shining One
  1907 | Temple   | Reached ** piety under the Shining One
  2061 | D:4      | Found a shimmering blue altar of Sif Muna.
  2079 | D:4      | Reached skill level 7 in Unarmed Combat
  2418 | D:4      | Reached XP level 7. HP: 67/67 MP: 4/6
  2419 | D:4      | Reached skill level 8 in Unarmed Combat
  2505 | D:5      | Entered Level 5 of the Dungeon
  2911 | D:5      | Noticed Prince Ribbit
  2914 | D:5      | Reached skill level 9 in Unarmed Combat
  2922 | D:5      | Found a sand-covered staircase.
  2927 | Ossuary  | Entered an ossuary
  2951 | Ossuary  | Reached *** piety under the Shining One
  3010 | Ossuary  | Reached XP level 8. HP: 75/75 MP: 7/7
  3100 | D:5      | Killed Prince Ribbit
  3101 | D:5      | Reached skill level 10 in Unarmed Combat
  3439 | D:5      | Reached skill level 4 in Fighting
  3521 | D:5      | Noticed Pikel
  3558 | D:5      | Killed Pikel
  3559 | D:5      | Reached skill level 6 in Fighting
  3633 | D:5      | Found Qoihegg's Weapon Shoppe.
  3929 | D:6      | Noticed a hornet
  3943 | D:5      | Reached **** piety under the Shining One
  3949 | D:5      | Reached XP level 9. HP: 38/92 MP: 4/8
  4226 | D:6      | Reached skill level 7 in Fighting
  4276 | D:6      | Found a glowing silver altar of Zin.
  4447 | D:6      | Noticed Menkaure
  4489 | D:6      | Killed Menkaure
  4490 | D:6      | Reached skill level 8 in Fighting
  4592 | D:6      | Found a radiant altar of Vehumet.
  4825 | D:6      | Found a basalt altar of Yredelemnul.
  5000 | D:7      | Reached skill level 3 in Dodging
  5091 | D:7      | Identified +0 steam dragon scales
  5168 | D:7      | Identified the +8 longbow "Qyafewk" {heavy, Fly rElec rC+}
  5253 | D:7      | Reached XP level 10. HP: 106/106 MP: 9/9
  5267 | D:7      | Noticed Dowan
  5315 | D:7      | Noticed a moth of wrath
  5315 | D:7      | Noticed dakkaduck's ghost (novice HOBe)
  5315 | D:7      | Reached ***** piety under the Shining One
  5320 | D:7      | Noticed Duvessa
  5322 | D:7      | Found a transporter.
  5325 | D:7      | Killed Duvessa
  5334 | D:7      | Found a bloodstained altar of Trog.
  5335 | D:7      | Killed Dowan
  5460 | D:7      | Found a transporter.
  5569 | D:7      | Reached skill level 11 in Unarmed Combat
  5727 | D:8      | Noticed a death yak
  5727 | D:8      | Noticed a death yak
  5756 | D:7      | Killed a death yak
  5757 | D:7      | Reached skill level 4 in Dodging
  5820 | D:7      | Killed a death yak
  5859 | D:8      | Noticed a death yak
  5967 | D:8      | Found a staircase to the Lair.
  6113 | D:8      | Reached skill level 9 in Fighting
  6113 | D:8      | Reached skill level 12 in Unarmed Combat
  6181 | D:8      | Killed a death yak
  6182 | D:8      | Reached skill level 1 in Invocations
  6311 | D:8      | Identified +0 swamp dragon scales
  6311 | D:8      | Noticed Maggie
  6312 | D:8      | Noticed Erica
  6323 | D:8      | Killed Maggie
  6330 | D:8      | Killed Erica
  6331 | D:8      | Reached skill level 5 in Dodging
  6401 | D:8      | Reached XP level 11. HP: 115/115 MP: 11/11
  6770 | D:9      | Found a snail-covered altar of Cheibriados.
  6928 | D:9      | Reached skill level 2 in Invocations
  7106 | D:9      | Found a sacrificial altar of Ru.
  7475 | D:10     | Entered Level 10 of the Dungeon
  7764 | D:10     | Noticed a two-headed ogre
  7773 | D:10     | Killed a two-headed ogre
  8000 | D:10     | Reached skill level 3 in Invocations
  8200 | D:10     | Reached skill level 13 in Unarmed Combat
  8482 | D:11     | Noticed a two-headed ogre
  8493 | D:11     | Killed a two-headed ogre
  8754 | D:11     | Noticed a green ugly thing
  8761 | D:11     | Killed a green ugly thing
  8929 | D:11     | Reached skill level 6 in Dodging
  8959 | D:11     | Reached skill level 4 in Invocations
  9029 | D:11     | Noticed an orc knight
  9029 | D:11     | Noticed a boulder beetle
  9033 | D:11     | Noticed a tengu warrior
  9042 | D:11     | Noticed an ogre mage
  9047 | D:11     | Killed an orc knight
  9048 | D:11     | Reached skill level 1 in Shields
  9071 | D:11     | Paralysed by an ogre mage for 3 turns
  9094 | D:11     | Paralysed by an ogre mage for 4 turns
  9232 | D:10     | Killed a boulder beetle
  9263 | D:11     | Killed an ogre mage
  9264 | D:11     | Reached XP level 12. HP: 101/126 MP: 9/14
  9510 | D:11     | Killed a tengu warrior
  9511 | D:11     | Reached skill level 2 in Shields
  9608 | D:11     | Reached skill level 3 in Shields
  9897 | D:12     | Reached skill level 4 in Shields
  9939 | D:12     | Noticed Snorg
 10017 | D:11     | Killed Snorg
 10018 | D:11     | Reached skill level 5 in Shields
 10153 | D:12     | Noticed Rupert
 10218 | D:12     | Slain by Rupert

Vanquished Creatures
  Snorg (D:11)
  An ogre mage (D:11)
  A boulder beetle (D:10)
  Erica (D:8)
  2 two-headed ogres
  3 death yaks
  A tengu warrior (D:11)
  Pikel (D:5)
  An orc knight (D:11)
  An ugly thing (D:11)
  A manticore (D:11)
  4 cyclopes
  A meliai (D:11)
  2 unseen horrors (D:11)
  Maggie (D:8)
  A komodo dragon (D:10)
  Prince Ribbit (D:5)
  A hornet (D:6)
  A shadow (D:12)
  4 wraiths
  3 vampires
  4 yaks
  A basilisk (D:11)
  3 steam dragons
  5 vampire mosquitoes
  Menkaure (D:6)
  An acid dragon (D:8)
  A water moccasin (D:7)
  3 orc warriors
  A sky beast (D:7)
  Duvessa (D:7)
  A black bear (D:6)
  An ice beast (D:8)
  3 lemures (D:5)
  3 centaurs
  A phantom (D:7)
  4 kobold brigands
  2 weeping skulls (Ossuary)
  3 bullfrogs
  2 gnoll sergeants
  3 scorpions
  17 wights
  Dowan (D:7)
  6 killer bees (D:9)
  5 howler monkeys
  5 bombardier beetles
  3 hounds
  A centaur zombie (D:6)
  3 bullfrog zombies (D:6)
  3 jellies
  10 orc priests
  2 gnoll boudas (D:5)
  2 hell rats (D:8)
  4 iguanas
  Natasha (thrice) (D:3)
  15 orc wizards
  A killer bee zombie (D:6)
  4 mummies (Ossuary)
  A howler monkey zombie (D:6)
  10 adders
  14 gnolls
  4 river rats (D:8)
  A shadow imp (D:4)
  3 white imps
  2 ufetubi (D:5)
  4 ribbon worms
  6 dart slugs
  54 orcs
  4 ball pythons
  5 bats
  6 endoplasms
  2 giant cockroaches (D:2)
  5 goblins
  6 hobgoblins
  4 quokkas
  A frilled lizard (D:2)
  4 gnoll zombies (Ossuary)
  20 kobolds
  2 kobold zombies (Ossuary)
  2 orc zombies (Ossuary)
  7 rats
329 creatures vanquished.
